Map: Lerilak Crest

Players

ABELEDZ - Winner!

  • Race: Zerg Zerg

LilDicky

  • Race: Terran Terran
  • League: Diamond

VOD

http://www.twitch.tv/tumescentpie

Description

Time

  • Played on: Dec. 1, 2015, 7:43 p.m.
  • Length: 18:51
Show
View Real Time Build Order
Export as new Build Order

ABELEDZ Zerg - Winner!

Build Orders: Hatch First 

Get SALT Encoding   

  12  0:01  Drone  
  13  0:09  Drone  
  14  0:17  Overlord  
  14  0:29  Drone, Extractor x2  
  14  0:30  Drone  
  14  0:35  Drone  
  17  0:52  Extractor  
  17  0:57  Hatchery  
  15  1:06  Drone  
  16  1:13  Spawning Pool  
  16  1:16  Drone  
  16  1:21  Drone  
  16  1:24  Drone  
  18  1:30  Drone  
  19  1:39  Drone  
  20  1:52  Drone  
  21  1:59  Metabolic Boost  
  21  2:03  Zergling x2  
  21  2:08  Queen  
  24  2:09  Queen  
  24  2:12  Drone  
  27  2:17  Drone  
  27  2:20  Overlord  
  28  2:39  Drone x2  
  28  2:42  Zergling x2  
  31  2:51  Drone x3  
  31  2:56  Overlord  
  34  3:03  Drone  
  34  3:05  Drone  
  36  3:16  Drone x2  
  36  3:18  Overlord  
  36  3:19  Drone x2  
  39  3:29  Drone  
  39  3:30  Drone x3  
  43  3:39  Drone  
  43  3:40  Roach Warren  
  43  3:45  Evolution Chamber  
  43  3:48  Evolution Chamber  
  41  3:51  Extractor  
  39  3:56  Lair  
  39  3:57  Drone x6  
  45  4:08  Extractor  
  44  4:14  Zerg Melee Weapons Level 1  
  44  4:23  Zergling x2  
  45  4:28  Hatchery  
  45  4:30  Overlord x2  
  44  4:35  Spore Crawler  
  43  4:45  Drone x6  
  49  4:48  Overlord  
  49  4:51  Extractor  
  48  4:56  Queen x2  
  52  5:15  Spore Crawler  
  52  5:18  Spore Crawler  
  50  5:24  Drone x2, Spore Crawler  
  50  5:28  Roach x7  
  65  5:30  Zerg Ground Armor Level 1  
  65  5:36  Overseer  
  65  5:39  Overlord x3  
  65  5:46  Drone x6  
  71  5:54  Drone x2  
  75  6:04  Ravager x4  
  75  6:05  Spore Crawler, Ravager  
  75  6:09  Drone x3  
  75  6:10  Drone  
  81  6:12  Drone x4  
  81  6:17  Hatchery  
  84  6:20  Drone x4  
  84  6:24  Infestation Pit  
  84  6:25  Zerg Melee Weapons Level 2  
  87  6:37  Baneling Nest  
  86  6:43  Overlord x2  
  86  6:49  Drone x3  
  86  6:50  Drone x6  
  86  6:52  Extractor  
  86  6:53  Extractor  
  93  7:13  Hive  
  93  7:33  Overlord  
  93  7:35  Hatchery  
  92  7:50  Zerg Ground Armor Level 2  
  92  7:54  Drone x2, Spire, Overlord  
  92  7:55  Overlord x4  
  92  7:58  Zergling x32  
  109  8:12  Drone x3  
  112  8:28  Drone x10  
  122  8:35  Drone x6  
  128  8:44  Adrenal Glands  
  128  8:47  Zerg Melee Weapons Level 3  
  128  8:50  Centrifical Hooks  
  128  9:00  Extractor  
  127  9:03  Extractor  
  127  9:04  Extractor  
  127  9:05  Hatchery  
  127  9:09  Extractor  
  123  9:11  Overlord x3  
  123  9:13  Burrow  
  123  9:27  Drone x4  
  123  9:28  Drone x3  
  130  9:40  Overseer  
  128  10:11  Zerg Ground Armor Level 3  
  128  10:12  Zergling x8  
  128  10:13  Zergling x38  
  151  10:14  Mutalisk  
  151  10:15  Mutalisk x14  
  181  10:26  Overlord  
  181  10:27  Overlord  
  181  10:28  Overlord x2  
  181  10:29  Overlord  
  181  10:30  Overlord  
  181  10:42  Zerg Flyer Weapons Level 1  
  180  11:00  Drone x4  
  184  11:04  Spine Crawler  
  183  11:30  Spine Crawler  
  183  11:31  Spine Crawler  
  181  11:33  Spine Crawler  
  181  11:34  Spore Crawler x2  
  167  12:00  Drone  
  167  12:01  Drone x2  
  169  12:13  Zergling x44  
  185  12:35  Zergling x4  
  185  12:36  Zergling x22  
  158  12:48  Zergling x10  
  158  12:49  Zergling x6  
  132  13:01  Corruptor x3  
  132  13:02  Corruptor x7  
  125  13:50  Ultralisk Cavern  
  121  13:56  Roach  
  121  13:57  Roach x16  
  121  14:02  Hatchery  
  152  14:26  Ravager  
  152  14:27  Ravager x16  
  169  14:32  Zerg Missile Weapons Level 1  
  169  14:34  Zerg Flyer Weapons Level 2  
  169  14:36  Chitinous Plating  
  162  15:16  Extractor  
  162  15:20  Ultralisk x13  
  196  15:22  Zergling x14  
  196  15:23  Zergling x6  
  196  15:35  Zergling x10  
  195  16:17  Overseer  
  195  16:31  Hatchery  
  177  16:42  Hatchery  
  177  16:44  Zergling x62  
  192  16:58  Zergling x12  
  192  16:59  Zergling x8  
  199  17:29  Overlord x3  
  182  17:57  Corruptor x13  
Show
View Real Time Build Order
Export as new Build Order

LilDicky Terran 

Build Orders: Liberator Opening, Reaper Expand 

Get SALT Encoding   

  12  0:01  SCV  
  13  0:13  SCV  
  14  0:17  Supply Depot  
  14  0:26  SCV  
  15  0:32  Refinery  
  15  0:39  SCV  
  16  0:45  Barracks  
  16  0:51  SCV  
  17  1:03  SCV  
  18  1:15  SCV  
  19  1:32  Reaper  
  21  1:33  Orbital Command  
  20  1:45  Command Center  
  20  2:01  Factory  
  20  2:03  SCV  
  20  2:06  Barracks Tech Lab  
  21  2:10  Refinery  
  21  2:27  SCV  
  22  2:30  Marine  
  22  2:31  Supply Depot  
  23  2:53  SCV  
  24  3:00  Starport, Orbital Command  
  24  3:06  Siege Tank  
  24  3:09  Marine  
  28  3:14  Supply Depot  
  28  3:21  SCV  
  29  3:30  Barracks Reactor, SCV  
  29  3:38  Supply Depot  
  29  3:41  Siege Tank  
  29  3:46  SCV  
  33  3:48  Liberator  
  33  3:49  Refinery  
  32  4:00  SCV x2  
  34  4:05  Supply Depot  
  34  4:08  Marine x2  
  39  4:12  SCV  
  39  4:13  SCV  
  41  4:31  Siege Tank  
  44  4:35  SCV  
  45  4:40  Barracks Reactor, Liberator  
  45  4:41  Command Center, SCV  
  46  4:47  SCV  
  46  4:53  SCV  
  46  4:59  SCV  
  51  5:03  Refinery  
  51  5:05  SCV  
  52  5:11  SCV  
  52  5:13  Liberator  
  53  5:19  SCV  
  54  5:24  SCV  
  54  5:26  Engineering Bay  
  55  5:30  Engineering Bay  
  55  5:32  Siege Tank, Marine x2  
  63  5:45  Command Center  
  63  5:54  SCV  
  63  5:55  SCV  
  63  5:56  Orbital Command  
  65  5:59  Terran Infantry Weapons Level 1, Terran Infantry Armor Level 1  
  65  6:02  Liberator x2  
  65  6:11  SCV  
  65  6:14  Marine  
  65  6:15  Marine, Orbital Command  
  68  6:19  Missile Turret  
  68  6:21  SCV  
  75  6:26  SCV  
  75  6:28  Missile Turret  
  76  6:33  SCV  
  76  6:34  Armory  
  76  6:38  Missile Turret  
  77  6:48  SCV  
  77  6:49  SCV x2  
  77  6:50  Missile Turret  
  80  6:54  Marine  
  80  6:55  Missile Turret  
  80  6:56  Marine  
  80  7:00  SCV  
  83  7:01  Orbital Command  
  83  7:09  SCV x2  
  83  7:13  Marine  
  83  7:14  SCV  
  83  7:15  Hellion x2  
  91  7:16  Corvid Reactor  
  91  7:17  Banshee  
  91  7:21  SCV, Refinery  
  95  7:23  SCV  
  95  7:24  Refinery  
  96  7:35  Missile Turret  
  96  7:36  SCV  
  96  7:37  Marine x2  
  97  7:39  Missile Turret  
  99  7:47  Starport  
  99  7:48  Starport  
  99  7:50  SCV, Barracks  
  100  7:57  SCV x2  
  102  7:58  Supply Depot  
  102  8:00  Supply Depot  
  102  8:03  Supply Depot, SCV x2  
  102  8:05  Terran Infantry Weapons Level 2, Terran Infantry Armor Level 2  
  104  8:07  Terran Vehicle And Ship Armor Level 1  
  104  8:11  Armory  
  104  8:16  SCV x3  
  107  8:21  SCV  
  107  8:25  Missile Turret  
  107  8:26  Marine  
  109  8:27  Marine  
  109  8:28  SCV  
  109  8:30  Starport Tech Lab x2  
  109  8:31  Missile Turret  
  115  8:34  Hellion x2  
  115  8:36  Banshee, Cloaking Field  
  118  8:50  SCV x3  
  121  8:57  SCV, Missile Turret  
  121  8:59  Command Center  
  122  9:08  Marine x2  
  124  9:10  Barracks Tech Lab  
  124  9:13  Raven  
  124  9:14  Raven  
  124  9:15  SCV  
  129  9:17  Terran Ship Weapons Level 1  
  129  9:18  Raven  
  131  9:25  SCV  
  131  9:28  Supply Depot  
  132  9:50  SCV x3  
  136  10:00  Hellion x2  
  136  10:01  Raven x2  
  136  10:06  Supply Depot x2  
  140  10:07  Supply Depot  
  140  10:11  Missile Turret, Raven  
  142  10:21  Hellion  
  142  10:22  Hellion  
  142  10:25  Combat Shields  
  142  10:27  Factory, Marine x3  
  149  10:28  Factory  
  149  10:39  Planetary Fortress  
  149  10:43  Hellion x2  
  149  10:44  Raven  
  149  10:45  Marine  
  149  10:49  SCV x3  
  159  10:53  Missile Turret, Marine x2  
  157  11:00  Missile Turret  
  157  11:01  Raven  
  157  11:02  Marine  
  157  11:03  SCV x2  
  164  11:06  Banshee, Missile Turret  
  164  11:10  Terran Vehicle And Ship Armor Level 2  
  164  11:11  Starport, Marine x2  
  167  11:18  Barracks  
  167  11:19  Barracks x2  
  167  11:20  Marine  
  167  11:24  Barracks  
  168  11:26  Hellion  
  168  11:27  Banshee, Hellion, Barracks  
  168  11:30  Factory Tech Lab, Marine  
  168  11:31  Factory Reactor  
  176  11:37  Missile Turret  
  176  11:38  Missile Turret  
  176  11:44  Banshee, Liberator  
  171  11:55  Hellion  
  162  12:06  Terran Ship Weapons Level 2  
  165  12:10  Starport Reactor  
  165  12:12  Missile Turret  
  165  12:13  Missile Turret, Marine x3  
  165  12:15  Missile Turret  
  168  12:17  Marine x3  
  171  12:34  Marine  
  171  12:35  Marine x7  
  131  12:52  Banshee x2  
  131  12:57  Marine  
  131  12:58  Marine x7  
  107  13:15  Marine  
  107  13:16  Marine x7  
  102  13:25  Orbital Command  
  94  13:33  Marine  
  94  13:34  Marine x7  
  96  13:35  Medivac x3  
  108  13:41  Terran Vehicle And Ship Armor Level 3  
  108  13:44  Engineering Bay x2  
  108  13:51  Marine x4  
  108  13:52  Marine x4  
  116  14:01  Hellion  
  116  14:02  Command Center, Hellion x4  
  126  14:05  Medivac x2  
  126  14:09  Marine  
  131  14:17  Marine  
  131  14:38  Refinery  
  131  14:39  Refinery  
  131  14:40  Refinery  
  131  14:44  Command Center  
  131  14:45  Refinery  
  131  14:59  Command Center  
  131  15:12  SCV  
  131  15:13  Marine  
  131  15:14  SCV  
  131  15:15  SCV, Marine x2  
  131  15:16  SCV, Medivac  
  131  15:17  SCV, Marine x2  
  131  15:18  Marine x3  
  131  15:19  Hellion, Medivac  
  131  15:24  SCV  
  131  15:26  SCV  
  131  15:39  Stimpack  
  131  15:40  Terran Infantry Weapons Level 3  
  131  15:41  Terran Infantry Armor Level 3  
  131  15:55  Marine x7  
  131  15:56  SCV, Siege Tank, Marauder  
  144  16:10  Planetary Fortress  
  144  16:13  Marine x7  
  144  16:15  Planetary Fortress  
  144  16:17  Marauder  
  153  16:31  Marine x7  
  155  16:38  Marine  
  94  16:49  Marine  
  82  17:04  Marine x6  
  82  17:05  Supply Depot, Marine  
  82  17:07  Marine  
  82  17:08  Viking x5  
  83  17:38  Viking x2  
  83  17:40  Orbital Command  
  76  18:23  Marine  
Tags
 
Add a new tag
Caveats
  • Supply blocks, unpowered buildings, or Contaminate may cause inaccurate times.
  • Supply counts are checked every 10 seconds.